 Dungeon Crawl Stone Soup version 0.24-b1-30-g840c9efd86 (webtiles) character file.

Game seed: 17356761668462757652, levelgen mode: deterministic

74 tv1990 the Shield-Bearer (level 4, 0/55 HPs)
             Began as a Formicid Fighter on Oct 25, 2019.
             Succumbed to Sigmund's poison
             ... on level 2 of the Dungeon.
             The game lasted 00:02:44 (1040 turns).

tv1990 the Shield-Bearer (Formicid Fighter)         Turns: 1040, Time: 00:02:44

Health: 0/55       AC: 22    Str: 20    XL:     4   Next: 52%
Magic:  8/13       EV:  2    Int:  8    God:
Gold:   81         SH: 10    Dex: 16    Spells: 3/3 levels left

rFire    . . .     SeeInvis .   a - +0 war axe
rCold    . . .     Gourm    .   c - +0 shield
rNeg     + + +     Faith    .   (armour currently unavailable)
rPois    +         Spirit   .   (helmet unavailable)
rElec    .         Reflect  .   (cloak currently unavailable)
rCorr    .         Harm     .   (gloves currently unavailable)
MR       .....                  (boots currently unavailable)
Stlth    +++.......             (no amulet)
HPRegen  0.18/turn              k - ring of stealth
MPRegen  0.13/turn              n - ring of magical power

@: agile, lethally poisoned (0 -> -28), tree-form
A: permanent stasis, dig shafts and tunnels, four strong arms
a: no special abilities


You were on level 2 of the Dungeon.
You were not hungry.
You were a tree.
You visited 1 branch of the dungeon, and saw 2 of its levels.

You collected 81 gold pieces.

Inventory:

Hand Weapons
 a - a +0 war axe (weapon)
Armour
 b - a +0 scale mail (melded)
 c - a +0 shield (worn)
Jewellery
 k - a ring of stealth (left branch)
 m - an uncursed ring of ice
 n - a ring of magical power (right branch)
Scrolls
 i - a scroll of remove curse {unknown}
 j - 2 scrolls of identify {unknown}
 l - 2 scrolls of fog {unknown}
Potions
 d - a potion of might
Comestibles
 f - 2 rations
 g - 5 chunks of flesh


   Skills:
 + Level 3.9 Fighting
 * Level 3.4 Axes
 - Level 3.2 Armour
 + Level 4.3 Shields


You had 3 spell levels left.
You didn't know any spells.
Your spell library was empty.

Dungeon Overview and Level Annotations

Branches:
Dungeon (2/15)

Altars:

Annotations:
D:2 Sigmund


Innate Abilities, Weirdness & Mutations

You cannot be hasted, slowed, berserked, paralysed or teleported.
You can dig through walls and to a lower floor.
Your four strong arms can wield two-handed weapons with a shield.
((You have a pair of large antennae on your head. (SInv)))


Message History

Sigmund hits you from afar with a +1 scythe of venom.
* * * LOW HITPOINT WARNING * * *
You are more poisoned.
You feel less confused.
* * * LOW HITPOINT WARNING * * *
You feel very sick. Sigmund misses you.
It was a potion of lignification.
You turn into a tree.
Your +0 scale mail melds into your body.
Your roots penetrate the ground.
* * * LOW HITPOINT WARNING * * *
You feel very sick.
It was a potion of agility.
You feel agile all of a sudden.
* * * LOW HITPOINT WARNING * * *
You feel very sick. Something completely misses you.
Deactivating autopickup; reactivate with Ctrl-A.
You closely miss something.
You die...

#. ....
###.####...###
#............
#..........#
#.......#.#
#.........#####
#..............
#.....♣.###
#.....†.#.##
###..###.#.####.####
#.# #.#.#.....#..
#.<###...........
#.#.#.#.#####.#^# #
#.##.# #.#
#.##.#####.#.#####
#....).....#.....#


There were no monsters in sight!

Vanquished Creatures
  Ijyb (D:2)
  2 dart slugs
  5 hobgoblins
  7 jackals
  A quokka (D:2)
  A ball python (D:2)
  2 bats
  2 frilled lizards
  10 goblins
  5 kobolds (D:1)
  4 rats
40 creatures vanquished.

Notes
Turn   | Place    | Note
-------+----------+-------------------------------------------
     0 | D:1      | tv1990 the Formicid Fighter began the quest for the Orb.
     0 | D:1      | Reached XP level 1. HP: 18/18 MP: 1/1
    87 | D:1      | Reached XP level 2. HP: 24/24 MP: 2/2
   333 | D:1      | Reached XP level 3. HP: 29/29 MP: 3/3
   356 | D:1      | Reached skill level 4 in Shields
   549 | D:2      | Noticed Ijyb
   603 | D:2      | Killed Ijyb
   603 | D:2      | Reached XP level 4. HP: 18/37 MP: 4/4
  1024 | D:2      | Noticed Sigmund
  1039 | D:2      | HP: 2/55 [poisoned by Sigmund]
  1040 | D:2      | Succumbed to Sigmund's poison

Skill      XL: |  1  2  3 |
---------------+----------+-----
Shields        | 4 |  4.3
Axes           | 3 |  3.4
Fighting       | |  3.9
Armour         | |  3.2

Action                   |  1- 3 |  4- 6 || total
-------------------------+-------+-------++-------
Melee: War axe           |    96 |    39 ||   135
  Use: Potion            |       |     2 ||     2
  Eat: Chunk             |       |     1 ||     1
Armor: Scale mail        |    54 |    18 ||    72
Dodge: Dodged            |    40 |    20 ||    60
Block: Shield            |    43 |    20 ||    63

Levels and vault maps discovered:
D:1:      minmay_arrival_five_plusses, layout_loops_ring
D:2:      kennysheep_the_goblin_king, layout_loops_ring,
          kennysheep_generic_room_15, uniq_sigmund, uniq_crazy_yiuf_cottage
